 Dungeon Crawl Stone Soup version 0.28.0 (console) character file.

Game seed: 5029401241433077880

361 ryathie the Skirmisher (level 6, -4/41 HPs)
             Began as a Gargoyle Fighter on Feb 17, 2022.
             Slain by an ice beast (13 damage)
             ... on level 6 of the Dungeon.
             The game lasted 00:09:27 (2186 turns).

ryathie the Skirmisher (Gargoyle Fighter)           Turns: 2186, Time: 00:09:28

Health: -4/41      AC: 19    Str: 20    XL:     6   Next: 66%
Magic:  6/6        EV:  7    Int:  8    God:
Gold:   136        SH:  4    Dex: 11    Spells: 5/5 levels left

rFire   . . .      SeeInvis +   a - +0 war axe
rCold   . . .      Faith    .   c - +0 buckler
rNeg    + . .      Spirit   .   s - +1 chain mail {Will+}
rPois   ∞          Reflect  .   m - +2 helmet
rElec   +          Harm     .   g - +0 cloak
rCorr   .          Rampage  .   (no gloves)
Will    +....                   (no boots)
Stlth   ..........              (no amulet)
HPRegen 0.13/turn               v - ring of see invisible
MPRegen 0.10/turn               (no ring)

@: no status effects
A: sickness immunity, AC +4, negative energy resistance 1, electricity
resistance, torment resistance 1, petrification resistance
a: no special abilities


You were on level 6 of the Dungeon.
You visited 1 branch of the dungeon, and saw 6 of its levels.
You also visited: Sewer.

You collected 136 gold pieces.

Inventory:

Hand Weapons
 a - a +0 war axe (weapon)
Armour
 c - a +0 buckler (worn)
 g - a +0 cloak (worn)
 m - a +2 helmet (worn)
 s - a +1 chain mail of willpower (worn)
Jewellery
 v - a ring of see invisible (left hand)
Wands
 k - a wand of flame (8)
 u - a wand of charming (10)
Scrolls
 b - a scroll of torment {unknown}
 l - a scroll of teleportation
 n - 2 scrolls of identify
 o - a scroll of vulnerability
 p - 2 scrolls of fear
 r - 2 scrolls of fog {unknown}
 t - a scroll of magic mapping {unknown}
 w - a scroll of blinking {unknown}
 x - a scroll of enchant armour {unknown}
 y - a scroll of immolation {unknown}
Potions
 d - a potion of might
 e - 2 potions of lignification {unknown}
 f - 2 potions of heal wounds
 h - 2 potions of berserk rage
 i - 2 potions of curing
 j - a potion of ambrosia {unknown}
 q - a potion of resistance {unknown}


   Skills:
 + Level 5.9 Fighting
 + Level 4.4 Axes
 + Level 3.7 Armour
 - Level 3.2 Shields


You had 5 spell levels left.
You didn't know any spells.
Your spell library was empty.

Dungeon Overview and Level Annotations

Branches:
Dungeon (6/15)              Sewer (visited)
 Temple: D:4-7

Altars:


Innate Abilities, Weirdness & Mutations

You are immune to sickness and miasma.
Your stone body is resilient. (AC +4)
You are immune to poison.
You resist negative energy. (rN+)
You are resistant to electric shocks. (rElec)
You are resistant to unholy torment.
You are immune to petrification.


Message History

Found 10 gold pieces.
Unknown command.
Unknown command.
Unknown command.
You now have 121 gold pieces (gained 10).
You open the door.
Found a scroll labelled SUEFIDD PEOLA.
There is an open door here.
You open the door.
Found a stone staircase leading up.
Found 15 gold pieces.
y - a scroll labelled SUEFIDD PEOLA You now have 136 gold pieces (gained 15).
Found 15 gold pieces.
You open the door.
An ice beast comes into view.
The ice beast moves out of view.
Found a hunting sling, a rapier and a scroll of identify.
You slash the ice beast!
The ice beast is moderately wounded.
The ice beast hits you but does no damage.
You hit the ice beast.
The ice beast is heavily wounded.
You block the ice beast's attack.
You slash the ice beast!
The ice beast is severely wounded.
The ice beast hits you but does no damage. x2
You hit the ice beast.
The ice beast is severely wounded.
The ice beast hits you. The ice beast freezes you.
You closely miss the ice beast.
The ice beast is severely wounded.
The ice beast hits you. The ice beast freezes you!
* * * LOW HITPOINT WARNING * * *
You hit the ice beast.
The ice beast is almost dead.
The ice beast hits you.
* * * LOW HITPOINT WARNING * * *
The ice beast freezes you!
You die...

#..'...# #..#.#
).....
##.##...###......
#.....
...................
.......
###.#.#........#####
.)...... #
#.#..........
...#####
#.#.......##
.......#.##.##
#.######....##
###.@.# #.Y.# #...#
+...'....))
#...#......
#...##..... #...#
#..?# #...# ####
#.$.#


You could see an ice beast.

Vanquished Creatures
  An ogre (D:4)
  A bullfrog skeleton (D:5)
  2 iguanas (D:5)
  An orc wizard (D:5)
  Robin (D:2)
  9 adders
  A river rat (Sewer)
  2 worms (D:4)
  A dart slug (D:1)
  4 orcs
  8 ball pythons
  2 endoplasms (D:1)
  3 giant cockroaches (D:4)
  12 goblins
  4 hobgoblins
  2 kobolds (D:1)
  4 quokkas
  A bat (D:1)
  4 frilled lizards
  10 rats
73 creatures vanquished.

Notes
Turn   | Place    | Note
-------+----------+-------------------------------------------
     0 | D:1      | ryathie the Gargoyle Fighter began the quest for the Orb.
     0 | D:1      | Reached XP level 1. HP: 14/14 MP: 1/1
     2 | D:1      | Found a faded altar of an unknown god.
    67 | D:2      | Noticed Robin
    85 | D:1      | Reached XP level 2. HP: 2/19 MP: 2/2
   606 | D:1      | HP: 1/20 [goblin[Robin] (1)]
   706 | D:1      | Reached XP level 3. HP: 6/24 MP: 3/3
   708 | D:1      | Reached skill level 4 in Fighting
   713 | D:1      | HP: 1/24 [kobold (1)]
  1197 | D:2      | Killed Robin
  1225 | D:3      | Reached XP level 4. HP: 29/30 MP: 4/4
  1350 | D:4      | Noticed an ogre
  1358 | D:4      | Killed an ogre
  1359 | D:4      | Reached skill level 5 in Fighting
  1359 | D:4      | Reached XP level 5. HP: 11/35 MP: 5/5
  1470 | D:4      | Found a glowing drain.
  1486 | Sewer    | Entered a sewer
  1584 | Sewer    | Reached XP level 6. HP: 34/40 MP: 6/6
  1911 | D:5      | Entered Level 5 of the Dungeon
  2175 | D:6      | Noticed an ice beast
  2186 | D:6      | Slain by an ice beast

Illustrated notes

Levels and vault maps discovered:
D:1:      lemuel_arrival_broad_hall, layout_rooms, basic_ecumenical_altar,
          minivault_27, dk_noncrumbling_3, minmay_tripent
D:2:      layout_loops_ring, corexii_corridor_pit, uniq_robin
D:3:      layout_rooms
D:4:      layout_rooms, gup_sewer_entry_bubbles
D:5:      layout_loops_ring, minmay_a_box_with_orc_wizards_in_it
D:6:      kennysheep_six_static_rooms, layout_basic, minmay_temple_entry_oklob

Skill      XL: |  1  2  3  4  5 |
---------------+----------------+-----
Axes           | 2 3 4 |  4.4
Fighting       | 4 5 |  5.9
Armour         | |  3.7
Shields        | |  3.2

Action                   |  1- 3 |  4- 6 || total
-------------------------+-------+-------++-------
Melee: War axe           |   109 |   151 ||   260
Evoke: Wand              |       |     4 ||     4
  Use: Scroll            |     5 |       ||     5
Armor: Scale mail        |    81 |    60 ||   141
       Chain mail        |       |    32 ||    32
Dodge: Dodged            |    72 |    80 ||   152
Block: Buckler           |    26 |    31 ||    57
